Map: Aura Śmierci ER

Players

ZipperTheFly - Winner!

  • Race: Terran Terran
  • League: Grandmaster
  • Spawn Location: 5:00

Krystianer

  • Race: Protoss Protoss
  • League: Grandmaster
  • Spawn Location: 11:00

Event: DreamHack SC2 Masters 2020 Winter

VOD

Have the link to the VOD?

Description

Time

  • Played on: Oct. 18, 2020, 2:44 p.m.
  • Length: 9:07

All games in this series

Show
View Real Time Build Order
Export as new Build Order

ZipperTheFly Terran - Winner!

Build Orders: Reaper Expand 

Get SALT Encoding   

  12  0:00  SCV  
  13  0:12  SCV  
  14  0:16  Supply Depot  
  14  0:24  SCV  
  15  0:38  SCV  
  15  0:39  Barracks  
  16  0:43  Refinery  
  16  0:50  SCV  
  16  0:55  Supply Depot  
  17  1:09  SCV  
  18  1:21  SCV  
  19  1:29  Reaper  
  20  1:33  Orbital Command  
  20  1:49  Command Center  
  20  1:59  SCV  
  21  2:01  Marine  
  22  2:08  Factory  
  22  2:11  SCV  
  23  2:23  SCV  
  24  2:33  Barracks Reactor  
  24  2:35  SCV  
  25  2:38  Command Center  
  25  2:47  SCV, Refinery  
  26  2:52  Hellion  
  28  2:59  SCV  
  28  3:01  Orbital Command  
  29  3:08  Starport  
  29  3:13  SCV  
  29  3:15  Factory Tech Lab  
  30  3:24  Marine  
  30  3:25  Marine, Supply Depot  
  30  3:26  Orbital Command  
  32  3:31  SCV  
  33  3:42  Factory Tech Lab  
  33  3:44  Marine x2  
  33  3:50  Bunker  
  33  3:54  SCV, Barracks  
  35  3:55  SCV  
  35  4:00  Raven, Orbital Command  
  37  4:06  SCV  
  37  4:08  SCV  
  39  4:18  SCV  
  39  4:20  SCV, Barracks  
  40  4:24  Engineering Bay  
  40  4:29  Siege Tank  
  40  4:30  SCV  
  44  4:32  SCV x2  
  44  4:34  Marine  
  44  4:35  Marine  
  48  4:40  Refinery  
  48  4:42  SCV  
  48  4:45  SCV  
  50  4:50  Starport Tech Lab  
  50  4:51  Supply Depot, SCV, Terran Infantry Weapons Level 1, Marine  
  50  4:52  Marine  
  53  4:54  SCV  
  53  4:56  Stimpack  
  55  5:00  SCV  
  55  5:03  SCV  
  55  5:05  Supply Depot x2  
  56  5:08  SCV  
  56  5:12  SCV, Refinery  
  58  5:15  Marine x2, SCV  
  58  5:19  Siege Tank  
  64  5:24  Marine  
  64  5:25  Marine  
  64  5:27  Combat Shield  
  66  5:28  SCV x2  
  66  5:33  Marine x2  
  66  5:34  Supply Depot  
  70  5:39  Barracks  
  70  5:40  Barracks  
  70  5:43  Marauder  
  70  5:46  Marauder  
  70  5:48  Starport Reactor  
  74  5:54  Marine x2  
  74  5:56  SCV x2  
  74  5:57  SCV  
  79  6:01  Supply Depot  
  79  6:03  Siege Tank  
  82  6:06  Marauder  
  82  6:07  Marauder  
  82  6:08  SCV  
  82  6:09  SCV  
  89  6:11  SCV  
  89  6:12  Marine x2  
  89  6:18  Supply Depot  
  91  6:20  SCV  
  91  6:21  SCV  
  91  6:23  SCV  
  91  6:25  Medivac x2  
  98  6:26  Marine  
  98  6:27  Marine  
  98  6:30  Marine  
  98  6:31  Marauder  
  105  6:33  Marauder  
  105  6:37  Supply Depot  
  105  6:39  Supply Depot  
  105  6:40  Siege Tank  
  105  6:43  Orbital Command  
  105  6:44  Marine  
  105  6:46  Concussive Shells  
  109  6:48  Marine  
  109  6:53  Marauder, Marine x2  
  116  6:54  Marauder  
  116  6:57  Medivac  
  116  6:59  Medivac  
  119  7:02  Marine  
  120  7:11  Marine x3  
  120  7:14  Marine  
  120  7:15  Marine  
  125  7:16  Siege Tank  
  125  7:20  Marine  
  121  7:34  Marine x5  
  123  7:43  Medivac x2  
  127  7:47  Marine  
  128  7:52  Marine x5  
  133  8:08  Marine  
  133  8:10  Marine  
  115  8:16  Marine x4  
  106  8:23  Siege Tank  
  106  8:25  Marine  
  94  8:27  Medivac x2, Marine  
  94  8:32  SCV x2  
  94  8:33  Marine  
  94  8:34  Marine x2  
  100  8:35  Marine  
  95  8:43  Marine  
Show
View Real Time Build Order
Export as new Build Order

Krystianer Protoss 

Build Orders: 1 Gate Expand, Blink Stalkers, Zealot Archon 

Get SALT Encoding   

  12  0:00  Probe  
  13  0:12  Probe  
  14  0:16  Pylon  
  14  0:24  Probe (Chrono Boost)  
  16  0:35  Gateway  
  16  0:36  Probe (Chrono Boost)  
  16  0:42  Probe (Chrono Boost)  
  16  0:45  Assimilator  
  17  0:50  Probe  
  18  1:03  Probe  
  19  1:15  Probe  
  20  1:21  Nexus  
  20  1:31  Cybernetics Core  
  20  1:34  Probe  
  20  1:38  Assimilator  
  21  1:46  Probe  
  22  1:48  Pylon  
  22  1:58  Probe  
  23  2:04  Stalker (Chrono Boost)  
  23  2:08  Warp Gate  
  25  2:10  Probe  
  26  2:22  Twilight Council, Probe  
  26  2:29  Stalker (Chrono Boost)  
  26  2:32  Probe (Chrono Boost)  
  30  2:41  Probe (Chrono Boost)  
  30  2:44  Probe (Chrono Boost)  
  30  2:48  Probe (Chrono Boost)  
  30  2:49  Probe (Chrono Boost)  
  32  2:59  Gateway, Probe  
  32  3:04  Stalker  
  35  3:11  Blink  
  36  3:14  Probe (Chrono Boost)  
  36  3:15  Probe (Chrono Boost)  
  37  3:24  Pylon  
  39  3:27  Probe (Chrono Boost)  
  39  3:29  Probe (Chrono Boost)  
  39  3:32  Probe (Chrono Boost)  
  40  3:37  Probe  
  40  3:41  Shield Battery  
  41  3:44  Probe (Chrono Boost)  
  42  3:52  Robotics Facility  
  42  3:55  Probe (Chrono Boost), Sentry  
  43  3:56  Probe (Chrono Boost)  
  43  4:01  Assimilator  
  46  4:02  Probe (Chrono Boost)  
  46  4:04  Stalker, Probe (Chrono Boost)  
  49  4:11  Probe  
  49  4:14  Probe  
  51  4:19  Nexus  
  51  4:23  Pylon, Probe  
  52  4:26  Probe  
  53  4:36  Pylon, Probe  
  54  4:41  Observer  
  54  4:42  Stalker x2  
  59  4:47  Probe (Chrono Boost)  
  59  4:48  Probe (Chrono Boost)  
  59  4:49  Forge  
  59  4:51  Pylon  
  61  4:59  Probe (Chrono Boost)  
  63  5:00  Probe (Chrono Boost)  
  63  5:02  Charge, Dark Shrine  
  63  5:06  Observer  
  64  5:07  Probe (Chrono Boost)  
  64  5:09  Probe (Chrono Boost)  
  66  5:15  Protoss Ground Armor Level 1 (Chrono Boost)  
  66  5:17  Gateway  
  66  5:18  Gateway, Probe  
  66  5:19  Probe  
  68  5:23  Gateway  
  69  5:29  Gateway  
  69  5:31  Gateway  
  69  5:32  Probe  
  69  5:33  Probe  
  69  5:34  Probe  
  72  5:41  Pylon  
  72  5:45  Zealot x2  
  72  5:46  Probe  
  72  5:47  Warp Prism (Chrono Boost)  
  78  5:57  Templar Archives  
  78  5:58  Probe  
  78  6:02  Assimilator  
  78  6:03  Pylon  
  79  6:05  Assimilator  
  79  6:07  Zealot x2  
  83  6:13  Probe  
  83  6:14  Assimilator  
  83  6:16  Zealot, Immortal  
  83  6:17  Zealot  
  92  6:21  Probe x2  
  94  6:26  Pylon  
  94  6:30  Probe  
  95  6:37  High Templar  
  95  6:38  High Templar, Zealot  
  95  6:39  Zealot x4  
  109  6:42  Pylon  
  109  6:44  Pylon, Probe x2  
  111  6:47  Archon  
  111  6:52  Gateway  
  111  6:53  Probe  
  112  7:00  High Templar x2, Zealot  
  112  7:01  Pylon, Zealot  
  120  7:04  Protoss Ground Weapons Level 1 (Chrono Boost)  
  120  7:05  Zealot  
  120  7:06  Archon  
  122  7:10  Zealot x2  
  126  7:20  Probe  
  126  7:22  Probe  
  126  7:26  Psionic Storm, Zealot x3  
  120  7:32  Zealot x3  
  120  7:33  Immortal  
  124  7:42  High Templar  
  126  7:44  Shield Battery  
  126  7:48  High Templar x2  
  126  7:49  Zealot x2  
  133  7:53  Archon  
  133  7:54  Zealot x3  
  133  7:58  Pylon  
  119  8:15  Zealot x6  
  101  8:21  Zealot  
  101  8:22  Zealot, Immortal (Chrono Boost)  
  93  8:34  Probe  
  92  8:36  Zealot  
  92  8:37  Zealot x4  
  92  8:38  Zealot  
  90  8:43  Zealot x2  
  78  8:58  Zealot x5  
  85  9:05  Zealot x2  
  85  9:06  Zealot  
Tags
 
Add a new tag
Caveats
  • Supply blocks, unpowered buildings, or Contaminate may cause inaccurate times.
  • Supply counts are checked every 10 seconds.